 Dungeon Crawl Stone Soup version 0.19-a0-55-g7e720b0 (webtiles) character file.

16 Duffy the Chopper (level 2, 0/22 HPs)
             Began as a Formicid Warper on May 8, 2016.
             Slain by a giant gecko (3 damage)
             ... on level 1 of the Dungeon.
             The game lasted 00:00:31 (435 turns).

Duffy the Chopper (Formicid Warper)                  Turns: 435, Time: 00:00:32

Health: 0/22       AC:  3    Str: 15    XL:     2   Next: 75%
Magic:  5/5        EV: 11    Int: 12    God:
Gold:   21         SH:  0    Dex: 10    Spells: 1 memorised, 4 levels left

rFire  . . .     SeeInvis +     a - +0 hand axe
rCold  . . .     Gourm    .     b - +0 leather armour
rNeg   . . .     Faith    .     (no shield)
rPois  .         Spirit   .     (helmet unavailable)
rElec  .         Dismiss  .     (no cloak)
rCorr  .         Reflect  .     (no gloves)
SustAt .         Harm     .     (no boots)
MR     .....                    (no amulet)
Stlth  +.........               (no ring)
                                (no ring)

@: not resistant to hostile enchantments, very unstealthy
A: permanent stasis, dig shafts and tunnels, four strong arms, antennae 3
a: Dig, Shaft Self


You were on level 1 of the Dungeon.
You were not hungry.

You visited 1 branch of the dungeon, and saw 1 of its levels.

You collected 21 gold pieces.


Innate Abilities, Weirdness & Mutations

You are under a permanent stasis effect.
You can dig through walls and to a lower floor.
Your four strong arms can wield two-handed weapons with a shield.
You have a pair of large antennae on your head (SInv).


   Skills:
 - Level 2.1 Fighting
 + Level 3.1 Axes
 - Level 1.0 Throwing
 - Level 1.1 Armour
 - Level 1.7 Dodging
 - Level 2.1 Spellcasting
 - Level 2.6 Translocations


You had 4 spell levels left.
You knew the following spells:

 Your Spells              Type           Power        Failure   Level  Hunger
a - Apportation           Tloc           #.........   12%         1    ##.....

Inventory:

Hand Weapons
 a - a +0 hand axe (weapon)
Missiles
 e - 5 tomahawks of dispersal (quivered)
Armour
 b - a +0 leather armour (worn)
Scrolls
 d - a scroll of blinking
Potions
 g - a potion of ambrosia {unknown}
Books
 c - a book of Spatial Translocations
Comestibles
 f - a bread ration

Dungeon Overview and Level Annotations

Branches:
Dungeon (1/15)

Altars:


Message History

No target in view!
No target in view!
No target in view!
Things that are here:
a club; a hobgoblin corpse
Things that are here:
a club; a hobgoblin corpse A goblin comes into view.
It is wielding a whip.
The goblin shouts!
A hobgoblin comes into view.
You hit the goblin.
You kill the goblin!
The hobgoblin closely misses you.
You hit the hobgoblin but do no damage. The hobgoblin hits you.
A giant gecko comes into view.
You closely miss the hobgoblin.
The hobgoblin hits you but does no damage.
You closely miss the hobgoblin. The hobgoblin hits you.
You hit the hobgoblin.
The hobgoblin is moderately wounded.
The hobgoblin hits you but does no damage.
You hit the hobgoblin.
The hobgoblin is heavily wounded.
The hobgoblin hits you.
You hit the hobgoblin.
The hobgoblin is almost dead.
The hobgoblin hits you.
You closely miss the hobgoblin.
The hobgoblin is almost dead.
You hit the giant gecko but do no damage.
The hobgoblin hits you but does no damage.
The giant gecko bites you. x2; The hobgoblin barely misses you.
You are too injured to fight recklessly!
You are too injured to fight recklessly!
You are too injured to fight recklessly!
You are too injured to fight recklessly!
You are too injured to fight recklessly!
You are too injured to fight recklessly!
You are too injured to fight recklessly!
You are too injured to fight recklessly!
You are too injured to fight recklessly!
You are too injured to fight recklessly!
You are too injured to fight recklessly!
You are too injured to fight recklessly!
You are too injured to fight recklessly!
You are too injured to fight recklessly!
You hit the hobgoblin but do no damage.
The hobgoblin is almost dead.
You barely miss the giant gecko. The giant gecko bites you.
You die...

# ...........%..#
#.##.#.#.######
#.##...........#
##......#######.#
##..........).##
##......7...)...##
#..$.............#
........)..........#
......g@...........#
.......l..........?#
...................#
...................#
.......####........#
......# ##.......
...... ...... ......
...


You could see a giant gecko and a hobgoblin.

Action                   || total
-------------------------++-------
Melee: Hand axe          ||    41
Armor: Leather armour    ||    10
Dodge: Dodged            ||    22

Notes
Turn   | Place    | Note
--------------------------------------------------------------
     0 | D:1      | Duffy the Formicid Warper began the quest for the Orb.
     0 | D:1      | Reached XP level 1. HP: 16/16 MP: 3/3
   116 | D:1      | Reached XP level 2. HP: 13/22 MP: 5/5
   393 | D:1      | Reached skill level 3 in Axes
   435 | D:1      | Slain by a giant gecko

Skill      XL: |  1  2 |
---------------+-------+-----
Axes           | 3 |  3.1
Fighting       | |  2.1
Throwing       | |  1.0
Armour         | |  1.1
Dodging        | |  1.7
Spellcasting   | |  2.1
Translocations | |  2.6

Vault maps used:
D:1:      scummos_arrival_hexagon, kennysheep_decorative_pillar,
          kennysheep_minor_cross, serial_park_tiny_2

Vanquished Creatures
  A dart slug
  A giant cockroach
  2 goblins
  5 hobgoblins
  2 kobolds
  A rat
12 creatures vanquished.
